 Dungeon Crawl Stone Soup version 0.29.1-2-gbd0b4ee654 (webtiles) character file.

Game seed: 9856079724280146334

112 shoresy the Trooper (level 4, -2/41 HPs)
             Began as a Minotaur Fighter on Nov 3, 2022.
             Slain by a black bear (4 damage)
             ... on level 4 of the Dungeon.
             The game lasted 00:11:52 (2363 turns).

shoresy the Trooper (Minotaur Fighter)              Turns: 2363, Time: 00:11:55

Health: -2/41      AC:  7    Str: 22    XL:     4   Next: 64%
Magic:  3/3        EV:  9    Int:  5    God:
Gold:   66         SH:  4    Dex: 10    Spells: 3/3 levels left

rFire   . . .      SeeInvis .   a - +0 war axe
rCold   . . .      Faith    .   c - +0 buckler
rNeg    . . .      Spirit   .   b - +0 scale mail
rPois   .          Reflect  .   (helmet restricted)
rElec   .          Harm     .   (no cloak)
rCorr   .          Rampage  .   (no gloves)
Will    .....                   (no boots)
Stlth   ..........              (no amulet)
HPRegen 0.13/turn               (no ring)
MPRegen 0.08/turn               (no ring)

@: no status effects
A: horns 2, retaliatory headbutt
a: no special abilities


You were on level 4 of the Dungeon.
You visited 1 branch of the dungeon, and saw 4 of its levels.

You collected 66 gold pieces.

Inventory:

Hand Weapons
 a - a +0 war axe (weapon)
Missiles
 f - 15 stones (quivered)
 l - 3 poisoned darts
 r - 3 boomerangs of dispersal
Armour
 b - a +0 scale mail (worn)
 c - a +0 buckler (worn)
Jewellery
 j - a ring of ice
Scrolls
 h - 3 scrolls of identify {unknown}
 i - 4 scrolls of poison {unknown}
 k - a scroll of fog {unknown}
 m - a scroll of enchant weapon {unknown}
 n - a scroll of summoning {unknown}
 o - a scroll of enchant armour {unknown}
 p - a scroll of teleportation {unknown}
 q - a scroll of acquirement {unknown}
Potions
 d - 2 potions of might
 e - a potion of experience {unknown}
 g - 3 potions of flight {unknown}


   Skills:
 + Level 4.4 Fighting
 * Level 4.2 Axes
 + Level 4.3 Armour
 + Level 4.3 Shields


You had 3 spell levels left.
You didn't know any spells.
Your spell library contained the following spells:

 Spells                   Type           Power      Damage    Failure   Level
 Apportation              Tloc           0%         N/A       87%         1
 Necrotise                Necr           0%         1d4       87%         1
 Shock                    Conj/Air       0%         1d3       87%         1
 Summon Small Mammal      Summ           0%         N/A       87%         1
 Blink                    Tloc           0%         N/A       95%         2
 Lesser Beckoning         Tloc           0%         N/A       99%         3
 Swiftness                Air            0%         N/A       99%         3
 Airstrike                Air            0%         2d(0-16)  100%        4
 Manifold Assault         Tloc           0%         N/A       100%        5


Dungeon Overview and Level Annotations

Branches:
Dungeon (4/15)
 Temple: D:4-7

Altars:
Elyvilon


Innate Abilities, Weirdness & Mutations

You have a pair of horns on your head.
You reflexively headbutt those who attack you in melee.


Message History

The black bear claws you but does no damage. x2
You hit the black bear.
The black bear is lightly wounded.
The black bear closely misses you. x2
The black bear claws you but does no damage.
The black bear bites you. The black bear misses you. The black bear claws you.
You block the kobold's attack.
You barely miss the black bear. Your headbutt misses the black bear.
The black bear is lightly wounded.
You hit the kobold.
The black bear bites you but does no damage.
You block the black bear's attack.
The black bear claws you but does no damage.
The kobold hits you with a +0 short sword.
You hit the black bear.
The black bear is moderately wounded.
You barely miss the kobold. The black bear bites you.
* * * LOW HITPOINT WARNING * * *
The black bear claws you.
* * * LOW HITPOINT WARNING * * *
The black bear claws you but does no damage.
The kobold hits you but does no damage.
You hit the black bear.
The black bear is heavily wounded.
You barely miss the kobold. The black bear bites you.
* * * LOW HITPOINT WARNING * * *
The black bear claws you but does no damage.
The black bear barely misses you. The kobold hits you but does no damage.
The black bear barely misses you. The black bear claws you.
* * * LOW HITPOINT WARNING * * *
The black bear barely misses you.
An orc comes into view. It is wielding a +0 whip.
You block the kobold's attack.
You closely miss the black bear.
The orc shouts!
You headbutt the black bear.
The black bear is severely wounded.
You hit the kobold but do no damage. The kobold hits you but does no damage.
The black bear bites you.
You die...

#.....o....#
.##..........#.
.............(.
............#..
#..............
#.........#
#...K.....#..
#...h@......:
#####....####
#..##.# ##.##
.. #.<# ...
#.## ## #..
...# .###


You could see a black bear, an orc and a kobold.

Vanquished Creatures
  An orc priest (D:3)
  2 adders
  A worm (D:2)
  2 dart slugs
  4 orcs (D:3)
  5 ball pythons
  5 bats
  5 endoplasms
  2 giant cockroaches
  6 hobgoblins
  2 jackals (D:1)
  5 quokkas
  6 frilled lizards
  2 goblins
  4 kobolds
52 creatures vanquished.

Notes
Turn   | Place    | Note
-------+----------+-------------------------------------------
     0 | D:1      | shoresy the Minotaur Fighter began the quest for the Orb.
     0 | D:1      | Reached XP level 1. HP: 19/19 MP: 0/0
   307 | D:1      | Reached XP level 2. HP: 17/27 MP: 1/1
   443 | D:1      | Found a faded altar of an unknown god.
   968 | D:1      | Reached XP level 3. HP: 33/33 MP: 2/2
  2153 | D:3      | Reached XP level 4. HP: 29/40 MP: 3/3
  2159 | D:3      | Found a white marble altar of Elyvilon.
  2350 | D:4      | Noticed a black bear
  2362 | D:4      | HP: 1/41 [black bear (2)]
  2363 | D:4      | Slain by a black bear

Illustrated notes

Levels and vault maps discovered:
D:1:      ncdulo_halloftheorcs, layout_basic, shapermc_ecumenical_altar_petra,
          minmay_misc_feat_room
D:2:      cheibrodos_helix_gallery, layout_basic, minivault_24,
          dk_noncrumbling_4
D:3:      layout_basic, elyvilon_altar_5, ebering_ghost_inner_flame
D:4:      layout_rooms, minmay_strange_pillars

Skill      XL: |  1  2  3  4 |
---------------+-------------+-----
Axes           | 3 4 |  4.2
Fighting       | 4 |  4.4
Armour         | 4 |  4.3
Shields        | 4 |  4.3

Action                   |  1- 3 |  4- 6 || total
-------------------------+-------+-------++-------
Melee: War axe           |    94 |    16 ||   110
       Headbutt          |    13 |     2 ||    15
Armor: Scale mail        |    50 |    23 ||    73
Dodge: Dodged            |    54 |    11 ||    65
Block: Buckler           |    19 |     7 ||    26
